 Dungeon Crawl Stone Soup version 0.28-a0-1518-gbe868bca14 (webtiles) character file.

Game seed: 1368531776601067899

2285 hashsling the Thaumaturge (level 9, -4/45 HPs)
             Began as a Deep Elf Conjurer on Jan 16, 2022.
             Was a Follower of Sif Muna.
             Killed from afar by an acid dragon (20 damage)
             ... with a splash of acid
             ... on level 7 of the Dungeon.
             The game lasted 00:22:30 (7396 turns).

hashsling the Thaumaturge (Deep Elf Conjurer)       Turns: 7396, Time: 00:22:31

Health: -4/45      AC:  5    Str:  4    XL:     9   Next: 17%
Magic:  3/36       EV: 13    Int: 34    God:    Sif Muna [*.....]
Gold:   464        SH:  0    Dex: 13    Spells: 18/32 levels left

rFire   . . .      SeeInvis .   a - +2 dagger (venom)
rCold   . . .      Faith    .   (no shield)
rNeg    . . .      Spirit   .   i - +0 robe
rPois   .          Reflect  .   (no helmet)
rElec   .          Harm     .   f - +0 cloak
rCorr   .          Rampage  .   (no gloves)
Will    .....                   y - +1 pair of boots {Fly}
Stlth   ++........              (no amulet)
HPRegen 0.15/turn               k - +6 ring of intelligence
MPRegen 0.25/turn               s - ring of magical power

@: flying
A: no striking features
a: Renounce Religion, Channel Magic


You were on level 7 of the Dungeon.
You worshipped Sif Muna.
Sif Muna was aware of your devotion.
You visited 2 branches of the dungeon, and saw 8 of its levels.
You also visited: Sewer.

You collected 464 gold pieces.

Inventory:

Hand Weapons
 a - a +2 dagger of venom (weapon)
 z - a +0 shortbow
Missiles
 A - 52 arrows
Armour
 f - a +0 cloak (worn)
 i - a +0 robe (worn)
 y - a +1 pair of boots of flying (worn)
Jewellery
 k - a +6 ring of intelligence (left hand)
 m - the ring "Qahilun" {rPois Slay+3}
   (You found it on level 3 of the Dungeon)

   [ring of poison resistance]

   Slay:      It affects your accuracy & damage with ranged weapons and melee
   (+3).
   rPois:     It protects you from poison.
 n - a +4 ring of evasion
 s - a ring of magical power (right hand)
 C - a ring of positive energy
 E - a +4 ring of protection
 J - a +4 ring of protection
 K - an amulet of regeneration
 L - a ring of flight
Wands
 t - a wand of paralysis (4)
 G - a wand of polymorph (5)
 I - a wand of iceblast (7)
Scrolls
 c - a scroll of silence
 d - a scroll of fear {unknown}
 e - 2 scrolls of enchant weapon
 h - 2 scrolls of torment
 j - a scroll of blinking {unknown}
 r - 2 scrolls of identify
 u - 2 scrolls of magic mapping {unknown}
 v - 3 scrolls of teleportation {unknown}
 B - 2 scrolls of fog {unknown}
 D - a scroll of noise {unknown}
Potions
 b - a potion of resistance {unknown}
 g - a potion of heal wounds
 l - 2 potions of mutation
 o - a potion of attraction
 p - 3 potions of ambrosia {unknown}
 q - 2 potions of brilliance {unknown}
 w - 4 potions of curing
 x - 2 potions of degeneration {unknown}
 F - 2 potions of flight
 H - 2 potions of haste {unknown}


   Skills:
 + Level 3.9 Dodging
 - Level 3.0 Stealth
 + Level 12.4 Spellcasting
 + Level 9.0 Conjurations
 - Level 2.0 Hexes


You had 18 spell levels left.
You knew the following spells:

 Your Spells              Type           Power      Damage    Failure   Level
a - Magic Dart            Conj           100%       1d8       1%          1
b - Searing Ray           Conj           100%       2d8       1%          2
c - Dazzling Flash        Conj/Hex       100%       N/A       1%          3
d - Iskenderun's Mystic   Conj/Tloc      51%        2d11      3%          4
e - Fulminant Prism       Conj/Hex       28%        3d14      2%          4

Your spell library contained the following spells:

 Spells                   Type           Power      Damage    Failure   Level
 Ensorcelled Hibernation  Hex/Ice        54%        N/A       1%          2
 Sublimation of Blood     Necr           21%        N/A       3%          2
 Wereblood                Tmut           21%        N/A       3%          2
 Spider Form              Tmut/Pois      21%        N/A       6%          3
 Anguish                  Hex/Necr       13%        N/A       14%         4
 Summon Hydra             Summ           10%        N/A       100%        7


Dungeon Overview and Level Annotations

Branches:
Dungeon (7/15)             Temple (1/1) D:5           Sewer (visited)

Altars:
Ashenzari
Cheibriados
Dithmenos
Elyvilon
Fedhas
Gozag
Hepliaklqana
Kikubaaqudgha
Makhleb
Okawaru
Qazlal
Sif Muna
Trog
Uskayaw
Vehumet
Xom
Yredelemnul
Zin

Shops:
D:4 [

Annotations:
D:3 3 runed translucent doors, tatocazan's ghost, amateur GrFi


Message History

The blast of energy engulfs the acid dragon!
The acid dragon is heavily wounded.
The blast of energy engulfs the orc wizard!!
You kill the orc wizard!
Sif Muna accepts your kill.
You hear a loud, deep croak!
You hear a bark!
Aiming: Magic Dart (safe; 1% risk of failure)
Press: ? - help, Q - select action, (/) - cycle Shift-Dir - straight line, f - acid dragon
Aim: an acid dragon (heavily wounded, 100% to hit)
The magic dart hits the acid dragon.
The acid dragon is heavily wounded.
Unknown command.
Aiming: Magic Dart (safe; 1% risk of failure)
Press: ? - help, Q - select action, (/) - cycle Shift-Dir - straight line, f/p - acid dragon
Aim: an acid dragon (heavily wounded, 100% to hit)
The magic dart hits the acid dragon.
The acid dragon is severely wounded.
Aiming: Magic Dart (safe; 1% risk of failure)
Press: ? - help, Q - select action, (/) - cycle Shift-Dir - straight line, f/p - acid dragon
Aim: an acid dragon (severely wounded, 100% to hit)
The magic dart hits the acid dragon but does no damage.
The acid dragon is severely wounded.
The acid dragon bites you!
* * * LOW HITPOINT WARNING * * *
The acid dragon misses you.
Casting: Magic Dart (safe; 1% risk of failure)
Confirm with . or Enter, or press ? or * to list all spells.
You don't have enough magic to cast this spell.
You feel much better. The acid dragon misses you. The acid dragon claws you.
Aiming: Magic Dart (safe; 1% risk of failure)
Press: ? - help, Q - select action, (/) - cycle Shift-Dir - straight line, f/p - acid dragon
Aim: an acid dragon (severely wounded, 100% to hit)
The magic dart hits the acid dragon but does no damage.
The acid dragon is severely wounded.
The acid dragon bites you! The acid dragon closely misses you.
You hit the acid dragon.
The acid dragon is severely wounded.
The acid dragon spits acid at you. The splash of acid hits you!!
You die...

#.# #.#.# #.#
#.#.######## #.#
######.#......... #..
......(.†...S....
##########.#.#.####..
#.......#.#.# .......
+.......#.#.#
.#....###
#..†D..##.#.#
........#
#..@#####.#..
........# #.### #.#..
........# #.. ...
........# ####
........# .........
........# .########
...# .# ...#


You could see an acid dragon (catching breath).

Vanquished Creatures
  2 water moccasins (D:7)
  An ice beast (D:6)
  3 necrophages
  A centaur (D:4)
  4 ogres
  2 phantoms
  A kobold brigand (Sewer)
  4 scorpions
  A water moccasin skeleton (D:5)
  4 howler monkeys (D:7)
  4 hounds
  A jelly (D:6)
  2 orc priests
  A centaur skeleton (D:5)
  Jessica (D:3)
  2 iguanas
  3 orc wizards
  A hound skeleton (D:5)
  8 adders
  2 river rats
  2 white imps
  An ufetubus (D:5)
  An adder zombie (D:5)
  2 adder skeletons
  4 worms
  7 dart slugs
  16 orcs
  7 bats
  5 endoplasms
  2 giant cockroaches
  3 goblins
  9 hobgoblins
  4 quokkas
  8 ball pythons
  5 frilled lizards
  9 kobolds
  A quokka skeleton (D:3)
  8 rats
142 creatures vanquished.

Vanquished Creatures (others)
  An orc wizard (D:6)
  4 fulminant prisms
5 creatures vanquished.

Grand Total: 147 creatures vanquished

Notes
Turn   | Place    | Note
-------+----------+-------------------------------------------
     0 | D:1      | hashsling the Deep Elf Conjurer began the quest for the
                  | Orb.
     0 | D:1      | Reached XP level 1. HP: 10/10 MP: 6/6
   197 | D:1      | Found a faded altar of an unknown god.
   293 | D:1      | Reached skill level 4 in Spellcasting
   293 | D:1      | Reached XP level 2. HP: 15/15 MP: 6/9
   869 | D:2      | Reached XP level 3. HP: 19/19 MP: 7/11
   870 | D:2      | Noticed an ogre
   872 | D:2      | Learned a level 2 spell: Searing Ray
   877 | D:2      | Killed an ogre
   878 | D:2      | Reached skill level 6 in Spellcasting
   878 | D:2      | Reached XP level 4. HP: 24/24 MP: 2/14
  1501 | D:2      | Reached skill level 7 in Spellcasting
  1576 | D:2      | Learned a level 3 spell: Dazzling Flash
  1581 | D:2      | Learned a level 4 spell: Iskenderun's Mystic Blast
  1586 | D:2      | Learned a level 4 spell: Fulminant Prism
  1628 | D:2      | Reached XP level 5. HP: 28/28 MP: 13/16
  1778 | D:2      | You fall into a shaft and drop 1 floor!
  1878 | D:3      | Identified the ring "Qahilun" {rPois Slay+3}
  2211 | D:3      | Noticed an ogre
  2217 | D:3      | Noticed Jessica
  2223 | D:3      | Killed an ogre
  2224 | D:3      | Reached skill level 8 in Spellcasting
  2226 | D:3      | Killed Jessica
  2227 | D:3      | Reached XP level 6. HP: 25/32 MP: 4/19
  2559 | D:3      | Found a runed translucent gate.
  2559 | D:3      | Found a runed translucent gate.
  2560 | D:3      | Noticed tatocazan's ghost (amateur GrFi)
  2561 | D:3      | Found a runed translucent gate.
  3081 | D:4      | Reached skill level 5 in Conjurations
  3081 | D:4      | Reached skill level 1 in Hexes
  3218 | D:4      | Found Goytixum's Antique Armour Emporium.
  3565 | D:4      | Reached skill level 9 in Spellcasting
  3565 | D:4      | Reached XP level 7. HP: 16/36 MP: 18/21
  3744 | D:4      | Found a broken altar of Ashenzari.
  4101 | D:4      | Found a stormy altar of Qazlal.
  4358 | D:5      | Entered Level 5 of the Dungeon
  4419 | D:5      | Found a glowing drain.
  4429 | Sewer    | Entered a sewer
  4714 | Sewer    | Found a white marble altar of Elyvilon.
  4757 | D:5      | Reached skill level 10 in Spellcasting
  4777 | D:5      | Reached XP level 8. HP: 36/41 MP: 2/24
  5307 | D:5      | Found a staircase to the Ecumenical Temple.
  5326 | Temple   | Entered the Ecumenical Temple
  5604 | Temple   | Became a worshipper of Sif Muna the Loreminder
  5768 | D:5      | Reached skill level 11 in Spellcasting
  6419 | D:6      | Found a shadowy altar of Dithmenos.
  6931 | D:7      | Reached skill level 12 in Spellcasting
  7293 | D:7      | Reached XP level 9. HP: 45/45 MP: 22/27
  7301 | D:7      | Reached * piety under Sif Muna
  7396 | D:7      | Killed from afar by an acid dragon

Illustrated notes

Levels and vault maps discovered:
D:1:      lemuel_arrival_behind_the_door_small, layout_loops_ring,
          hellmonk_ecumenical_altar_arch_garden, minmay_misc_feat_four_crosses
D:2:      layout_basic, minmay_pentomino_p2
D:3:      layout_basic, gammafunk_ghost_nasty_kobolds,
          wander_ebering_terrifying_dragon_lair, uniq_jessica
D:4:      layout_basic, mainiacjoe_overflow_brackets, marbit_many_paths,
          serial_shops, nicolae_shop_statue_plus,
          chequers_serial_rivers_micro_c, lemuel_another_geyser
D:5:      layout_cave_pools, minmay_temple_entry_sparse_star,
          cheibrodos_sewer_entry_sluice
D:6:      layout_rooms, nicolae_dithmenos_through_a_glass_darkly,
          small_statue_intersection
D:7:      cheibrodos_barr_body, layout_basic
Temple:   regret_index_temple_generic_petals

Skill      XL: |  1  2  3  4  5  6  7  8  9 |
---------------+----------------------------+-----
Spellcasting   | 4 6 7 8 9 10 12 | 12.4
Conjurations   | 5 7 8 9 |  9.0
Hexes          | 2 |  2.0
Stealth        | 3 |  3.0
Dodging        | 3 |  3.9

Action                   |  1- 3 |  4- 6 |  7- 9 || total
-------------------------+-------+-------+-------++-------
Melee: Unarmed           |       |     4 |       ||     4
       Short sword       |       |    13 |    13 ||    26
       Dagger            |       |       |    10 ||    10
       Punch             |       |       |     2 ||     2
 Cast: Magic Dart        |    37 |   141 |   208 ||   386
       Dazzling Flash    |       |     2 |    10 ||    12
       Searing Ray       |       |     1 |       ||     1
       Iskenderun's Myst |       |       |    10 ||    10
       Fulminant Prism   |       |       |     4 ||     4
Evoke: Wand              |       |       |     1 ||     1
  Use: Scroll            |       |     1 |     5 ||     6
       Potion            |       |       |     3 ||     3
 Stab: Invisible         |       |       |     1 ||     1
Armor: Robe              |     3 |    10 |    25 ||    38
Dodge: Dodged            |       |    23 |    74 ||    97

Table legend: (Time is in decaauts)
 A = Elapsed time spent in this place.
 B = Non-inter-level travel time spent in this place.
 C = Inter-level travel time spent in this place.
 D = Time resting spent in this place.
 E = Time spent auto-exploring this place.
 F = Levels seen in this place.
 G = Mean time per level.
                   A        B        C        D        E       F      G
               +--------+--------+--------+--------+--------+-----+--------+
         Total |   7396 |   7263 |    133 |     88 |   6184 |   9 |  821.8 |
       Dungeon |   6653 |   6548 |    105 |     88 |   5545 |   7 |  950.4 |
        Temple |    418 |    390 |     28 |      0 |    384 |   1 |  418.0 |
         Sewer |    324 |    324 |      0 |      0 |    255 |   1 |  324.0 |
               +--------+--------+--------+--------+--------+-----+--------+

Top non-repeatable levels by time:
     D:4: 1474 daAuts
     D:2: 1182 daAuts
     D:5: 1060 daAuts
     D:3: 901 daAuts
     D:1: 798 daAuts
     D:6: 689 daAuts
     D:7: 546 daAuts
  Temple: 418 daAuts
   Sewer: 324 daAuts
